 Dungeon Crawl Stone Soup version 0.31-a0-1019-g3dd9dd1025 (webtiles) character file.

Game seed: 7491551589484809697

124578 BinkBink the Executioner (level 16, 0/154 HPs)
             Began as a Minotaur Monk on Nov 17, 2023.
             Was the Champion of Okawaru.
             Slain by a cyclops (18 damage)
             ... on level 3 of the Shoals.
             The game lasted 00:41:46 (24852 turns).

BinkBink the Executioner (Minotaur Monk)           Turns: 24852, Time: 00:41:48

Health: 0/154      AC: 22    Str: 29    XL:     16   Next: 39%
Magic:  18/18      EV: 18    Int: 10    God:    Okawaru [******]
Gold:   2318       SH:  0    Dex: 17    Spells: 15/15 levels left

rFire   + + .        d - +2 battleaxe of Vabyveam {vamp, Str+4 Int+3}
rCold   . . .        (shield currently unavailable)
rNeg    . . .        X - quicksilver dragon scales
rPois   +            (helmet restricted)
rElec   +            l - scarf {shadows}
rCorr   .            N - +2 pair of gloves "Oxehea" {rElec rPois Regen+}
SInv    .            r - +2 pair of boots
Will    ++...        F - amulet of the Air {Inacc Air Fly rElec RMsl}
Stlth   +            e - +6 ring of strength
HPRegen 1.25/turn    k - ring "Rizothir" {rF++ EV+5 Str-4 Dex+3}
MPRegen 0.16/turn

%: inaccuracy (-5), repel missiles
@: about to teleport, marked, flying, mesmerised
A: horns 2, retaliatory headbutt
a: Renounce Religion, Heroism, Finesse, Duel


You were on level 3 of the Shoals.
You worshipped Okawaru.
Okawaru was exalted by your worship.
You visited 6 branches of the dungeon, and saw 27 of its levels.
You also visited: Gauntlet.

You collected 2499 gold pieces.
You spent 181 gold pieces at shops.

Inventory:

Hand Weapons
 d - the +2 battleaxe of Vabyveam (weapon) {vamp, Str+4 Int+3}
   (Okawaru gifted it to you on level 11 of the Dungeon)

   Str+4:     It affects your strength (+4).
   Int+3:     It affects your intelligence (+3).
 o - the +3 executioner's axe of Mastery {venom, Drain rElec rPois Will+}
   (You acquired it on level 1 of the Shoals)

   rElec:     It insulates you from electricity.
   rPois:     It protects you from poison Will+: It increases your willpower.
   Drain:     It drains your maximum health when unequipped.
 K - a +1 battleaxe of flaming
 S - a +1 eveningstar of flaming
Missiles
 y - 31 boomerangs
 J - 4 throwing nets
 M - 6 silver javelins (quivered)
Armour
 l - a scarf of shadows (worn)
 r - a +2 pair of boots (worn)
 N - the +2 pair of gloves "Oxehea" (worn) {rElec rPois Regen+}
   (Okawaru gifted it to you on level 11 of the Dungeon)

   rElec:     It insulates you from electricity.
   rPois:     It protects you from poison Regen+: It increases your rate of
   health regeneration.
 X - quicksilver dragon scales (worn)
Jewellery
 e - a +6 ring of strength (left hand)
 i - a ring of see invisible
 j - an amulet of regeneration
 k - the ring "Rizothir" (right hand) {rF++ EV+5 Str-4 Dex+3}
   (You took it off a minotaur in a Gauntlet)

   [ring of evasion]

   EV+5:      It affects your evasion (+5).
   Str-4:     It affects your strength (-4).
   Dex+3:     It affects your dexterity (+3).
   rF++:      It greatly protects you from fire.
 z - an amulet of reflection
 F - the amulet of the Air (around neck) {Inacc Air Fly rElec RMsl}
   (You found it in a Gauntlet)

   [amulet of nothing]

   Inacc:     It reduces the accuracy of your attacks and spells.
   Air:       It enhances your air magic.
   rElec:     It insulates you from electricity.
   Fly:       It grants you flight.
   RMsl:      It protects you from missiles.
 R - an amulet of guardian spirit
Wands
 h - a wand of acid (14)
 n - a wand of mindburst (7)
 w - a wand of iceblast (16)
 B - a wand of flame (30)
 D - a wand of polymorph (7)
Scrolls
 a - 2 scrolls of fog
 b - 3 scrolls of revelation
 q - 4 scrolls of poison
 s - 3 scrolls of amnesia
 u - 3 scrolls of blinking
 C - 5 scrolls of teleportation
 O - 4 scrolls of enchant weapon
 V - 3 scrolls of enchant armour
Potions
 c - 5 potions of ambrosia
 f - a potion of magic
 g - 6 potions of curing
 m - 2 potions of lignification
 p - 3 potions of enlightenment
 A - a potion of berserk rage
 H - 2 potions of brilliance
 I - a potion of might
 P - 2 potions of haste
 Q - 3 potions of invisibility
 W - 2 potions of mutation
 Y - 2 potions of resistance {unknown}
 Z - a potion of cancellation


   Skills:
 + Level 16.8 Fighting
 * Level 22.6 Axes
 + Level 11.8 Throwing
 + Level 15.9 Armour
 - Level 3.4 Dodging
 - Level 5.0 Invocations


You had 15 spell levels left.
You didn't know any spells.
Your spell library contained the following spells:

 Spells                   Type           Power      Damage    Failure   Level
 Apportation              Tloc           0%         N/A       43%         1
 Kiss of Death            Conj/Necr      0%         2d5       43%         1
 Sting                    Tmut/Pois      0%         1d3       43%         1
 Ensorcelled Hibernation  Hex/Ice        0%         N/A       58%         2
 Jinxbite                 Hex            0%         N/A       58%         2
 Passwall                 Tmut/Erth      0%         N/A       58%         2
 Poisonous Vapours        Pois/Air       0%         N/A       58%         2
 Static Discharge         Conj/Air       0%         3-3/arc   58%         2
 Sublimation of Blood     Necr           0%         N/A       58%         2
 Confusing Touch          Hex            0%         N/A       82%         3
 Frozen Ramparts          Ice            0%         1d1       82%         3
 Gell's Gravitas          Tloc           0%         N/A       82%         3
 Ozocubu's Armour         Ice            0%         N/A       82%         3
 Swiftness                Air            0%         N/A       82%         3
 Teleport Other           Tloc           0%         N/A       82%         3
 Airstrike                Air            0%         2d(0-16)  99%         4
 Dispel Undead            Necr           0%         3d6       99%         4
 Manifold Assault         Tloc           0%         N/A       99%         4
 Olgreb's Toxic Radiance  Pois           0%         N/A       99%         4
 Petrify                  Tmut/Erth      0%         N/A       99%         4
 Alistair's Intoxication  Tmut/Pois      0%         N/A       100%        5
 Irradiate                Conj/Tmut      0%         3d11      100%        5
 Metabolic Englaciation   Hex/Ice        0%         N/A       100%        5
 Dispersal                Tloc           0%         N/A       100%        6
 Eringya's Noxious Bog    Tmut/Pois      0%         4d6       100%        6
 Ozocubu's Refrigeration  Ice            0%         4d7       100%        7
 Disjunction              Tloc           0%         N/A       100%        8
 Summon Small Mammal      Summ           Unusable   N/A       N/A         1
 Call Canine Familiar     Summ           Unusable   N/A       N/A         3
 Summon Guardian Golem    Hex/Summ       Unusable   N/A       N/A         3
 Summon Lightning Spire   Summ/Air       Unusable   N/A       N/A         4
 Summon Forest            Summ/Tloc      Unusable   N/A       N/A         5
 Summon Hydra             Summ           Unusable   N/A       N/A         7

Dungeon Overview and Level Annotations

Branches:
Dungeon (15/15)            Temple (1/1) D:7            Lair (5/5) D:11
 Shoals (3/4) Lair:2        Snake (1/4) Lair:2        Slime (0/5) Lair:4
    Orc (2/2) D:11            Elf (0/3) Orc:2        Vaults (0/5) D:13
 Depths (0/4) D:15        Gauntlet (visited)

Altars:
Ashenzari
Cheibriados
Dithmenos
Elyvilon
Fedhas
Gozag
Hepliaklqana
Kikubaaqudgha
Makhleb
Nemelex Xobeh
Okawaru
Qazlal
Ru
Sif Muna
Trog
Uskayaw
Vehumet
Wu Jian
Xom
Yredelemnul
Zin
The Shining One
Jiyva

Shops:
D:2 [   D:3 *   D:6 *   D:10 *   Orc:2 [=(*   Shoals:1 (

Annotations:
D:9 2 transporters
D:11 1 transporter


Innate Abilities, Weirdness & Mutations

You have a pair of horns on your head.
You reflexively headbutt those who attack you in melee.


Message History

Aim: a merfolk, wielding a +3 trident of venom and quivering boomerangs (almost dead, 52% to hit)
You throw a silver javelin.
The silver javelin closely misses the merfolk.
The silver javelin pierces through the merfolk.
The merfolk is almost dead.
You hear a splash.
The merfolk javelineer throws a silver javelin.
The silver javelin closely misses you.
The merfolk hits you from afar with a +1 trident of protection!
* * * LOW HITPOINT WARNING * * *
The snapping turtle bites you but does no damage.
A manticore comes into view.
The merfolk hits you but does no damage.
The cyclops misses you. You furiously retaliate!
You headbutt the cyclops!
Throw: 7 javelins (silver)
Press: ? - help, Q - select action, (/) - cycle Shift-Dir - straight line, f/p - merfolk
Aim: a merfolk, wielding a +3 trident of venom and quivering boomerangs (almost dead, 52% to hit)
You throw a silver javelin.
The silver javelin pierces through the merfolk!
The merfolk is lightly wounded.
The silver javelin closely misses the merfolk.
The silver javelin pierces through the merfolk!!
The merfolk is heavily wounded.
You hear a splash.
The merfolk javelineer throws a silver javelin.
The silver javelin pierces through you!
* * * LOW HITPOINT WARNING * * *
x2 The merfolk hits you from afar with a +1 trident of protection.
* * * LOW HITPOINT WARNING * * *
The snapping turtle bites you from afar!
* * * LOW HITPOINT WARNING * * *
The merfolk misses you.
The merfolk siren chants its luring song.
As you read the scroll of teleportation, it crumbles to dust.
You feel strangely unstable.
The merfolk javelineer throws a silver javelin.
The silver javelin barely misses you. The merfolk barely misses you.
A merfolk aquamancer comes into view. It is wielding a +0 rapier.
The cyclops hits you!!
You die...

Y≈ ..~~~≈≈≈≈
≈≈P #<.~~~~~~
≈≈~. #..~~~~~~
≈≈≈.###.......~
≈≈≈.m..).......
≈≈~.mC†........
≈~mmt(@...#
≈.tmm###<.#


~.mtm #### (~~~, ~H , m ,, You could see a merfolk javelineer, a merfolk
aquamancer, 3 snapping turtles, 5 merfolk, a manticore, a cyclops, a merfolk
siren (mesmerising) and a dream sheep.

Vanquished Creatures
  Rupert (Lair:3)
  Ilsuiw (Shoals:2)
  Kirke (Lair:4)
  An ironbound preserver (D:13)
  2 orc warlords (Orc:2)
  A stone giant (D:15)
  3 dire elephants (Lair:5)
  A minotaur (Gauntlet)
  A merfolk impaler (Shoals:2)
  4 merfolk javelineers
  9 hydras
  Harold (D:8)
  5 centaur warriors
  A catoblepas (Lair:3)
  2 boulder beetles
  6 two-headed ogres
  2 merfolk avatars
  A death yak (Lair:5)
  2 tengu warriors (D:15)
  Urug (D:11)
  An orc high priest (Orc:2)
  Nergalle (Orc:2)
  Sonja (Lair:1)
  A spectral death yak (Lair:5)
  4 skysharks
  3 sea snakes
  A spectral anaconda (Lair:5)
  An arcanist (D:15)
  An obsidian statue (Lair:5)
  Pikel (D:5)
  5 necromancers
  3 orc knights (Orc:2)
  8 harpies (Shoals:1)
  An orc sorcerer (Orc:2)
  2 ugly things (D:12)
  7 manticores
  3 cyclopes
  25 elephants
  17 fauns
  8 black mambas
  6 merfolk sirens
  4 centaur zombies (D:11)
  A salamander (Lair:2)
  2 dire elephant zombies (Lair:5)
  Maurice (D:8)
  2 water nymphs (Shoals:3)
  A gargoyle (D:13)
  2 kobold demonologists
  A dire elephant skeleton (Lair:5)
  Maggie (D:5)
  16 cane toads
  2 torpor snails (Lair:4)
  2 centaur skeletons (D:11)
  An unseen horror (D:12)
  A rime drake (Lair:2)
  15 komodo dragons
  4 yaktaurs (D:15)
  A tengu conjurer (D:13)
  An efreet (D:14)
  3 meliai (D:14)
  A hornet (D:9)
  7 trolls
  3 merfolk
  2 hellwings (D:11)
  3 polar bears
  4 snapping turtles
  29 blink frogs
  A meliai zombie (D:11)
  Grinder (D:5)
  Prince Ribbit (D:5)
  6 dream sheep
  A spectral elephant (Lair:5)
  2 centaur simulacra (Gauntlet)
  A water elemental (Shoals:2)
  9 slime creatures
  2 vampires (D:11)
  2 shadows
  61 yaks
  A wyvern (Lair:2)
  3 humans (Lair:4)
  3 chaos spawn (Gauntlet)
  Grum (D:10)
  4 steam dragons
  A hog (Lair:4)
  7 vampire mosquitoes
  2 basilisks
  A death yak simulacrum (Lair:5)
  3 spectral cane toads (Lair:5)
  A neqoxec (Gauntlet)
  A harpy simulacrum (Gauntlet)
  Edmund (D:6)
  A warg (Orc:2)
  2 acid dragons
  20 water moccasins
  2 black bears
  4 ice beasts
  10 ogres
  41 orc warriors
  3 elephant skeletons (Lair:5)
  15 wolves
  7 centaurs
  2 kobold brigands
  Blork the orc (Orc:2)
  16 bullfrogs
  3 scorpions
  An elephant simulacrum (Lair:5)
  4 electric eels
  2 lava snakes (Lair:2)
  7 howler monkeys
  2 jellies
  6 hounds
  12 orc priests
  Crazy Yiuf (D:2)
  3 iguanas
  23 orc wizards
  4 polar bear simulacra (Lair:3)
  3 yak simulacra (Lair:3)
  A boggart skeleton (D:11)
  A wolf simulacrum (Lair:3)
  9 adders
  4 shadow imps (D:11)
  4 ufetubi (D:6)
  2 worms
  78 orcs
  4 ball pythons
  10 endoplasms
  3 giant cockroaches
  3 goblins
  4 hobgoblins
  10 jackals
  15 kobolds
  5 quokkas
  A bat (D:1)
  2 frilled lizards
  2 rats (D:1)
  3 river rat simulacra (Lair:3)
728 creatures vanquished.

Vanquished Creatures (others)
  A water moccasin (Lair:1)
1 creature vanquished.

Grand Total: 729 creatures vanquished

Notes
Turn   | Place    | Note
-------+----------+-------------------------------------------
     0 | D:1      | BinkBink the Minotaur Monk began the quest for the Orb.
     0 | D:1      | Reached XP level 1. HP: 19/19 MP: 0/0
   259 | D:1      | Reached XP level 2. HP: 27/27 MP: 1/1
   312 | D:1      | Reached skill level 4 in Axes
  1059 | D:2      | Found Pelakutras's Antique Armour Shop.
  1080 | D:2      | Reached XP level 3. HP: 33/33 MP: 2/2
  1388 | D:2      | Found a sparkling altar of Nemelex Xobeh.
  1604 | D:2      | Found a runed translucent door.
  1605 | D:2      | Noticed Crazy Yiuf
  1612 | D:2      | Killed Crazy Yiuf
  1613 | D:2      | Reached skill level 5 in Axes
  1613 | D:2      | Reached XP level 4. HP: 15/41 MP: 3/3
  1616 | D:2      | Identified the +6 hammer of Ignis's Indignation {heavy, rC-
                  | Dex+7}
  1725 | D:3      | Found Imucvukh's Assorted Antiques.
  1741 | D:3      | Bought 2 grey potions for 30 gold pieces
  1741 | D:3      | Bought a dark potion for 15 gold pieces
  1741 | D:3      | Bought a scroll labelled DEESKA MIMEB for 17 gold pieces
  1741 | D:3      | Bought a coppery potion for 15 gold pieces
  2240 | D:3      | Reached skill level 5 in Fighting
  2260 | D:3      | Reached XP level 5. HP: 48/48 MP: 4/4
  2331 | D:3      | Found a glowing silver altar of Zin.
  2378 | D:3      | Identified the +5 hand axe of Slow Death {freeze, rN+}
  2433 | D:3      | Found a glowing golden altar of the Shining One.
  2880 | D:4      | Reached skill level 6 in Axes
  3095 | D:4      | Noticed an ogre
  3101 | D:4      | Killed an ogre
  3102 | D:4      | Reached skill level 1 in Armour
  3102 | D:4      | Reached XP level 6. HP: 10/56 MP: 5/5
  3644 | D:5      | Entered Level 5 of the Dungeon
  3648 | D:5      | Noticed Pikel
  3658 | D:5      | Killed Pikel
  3659 | D:5      | Reached skill level 8 in Axes
  3659 | D:5      | Reached XP level 7. HP: 62/64 MP: 6/6
  3721 | D:5      | Found a sparkling altar of Nemelex Xobeh.
  3819 | D:5      | Noticed Prince Ribbit
  3827 | D:5      | Killed Prince Ribbit
  3828 | D:5      | Reached skill level 9 in Axes
  3828 | D:5      | Reached XP level 8. HP: 56/73 MP: 7/7
  4204 | D:5      | Found a sacrificial altar of Ru.
  4216 | D:5      | Reached skill level 5 in Armour
  4240 | D:5      | Identified the +2 scale mail "Pyxeer" {Will+}
  4314 | D:5      | Noticed Grinder
  4319 | D:5      | Killed Grinder
  4320 | D:5      | Reached skill level 10 in Axes
  4458 | D:5      | Found a radiant altar of Vehumet.
  4460 | D:5      | Found a hazy altar of Hepliaklqana.
  4699 | D:6      | Found Veufusm's Hallowed Reliquary.
  4699 | D:6      | Noticed an angel
  4702 | D:6      | Noticed Edmund
  4727 | D:6      | Killed Edmund
  4816 | D:6      | Bought a potion of curing for 39 gold pieces
  4885 | D:6      | Found a burning altar of Makhleb.
  5036 | D:6      | Reached XP level 9. HP: 81/81 MP: 8/8
  5052 | D:6      | Noticed Maggie
  5053 | D:6      | Reached skill level 11 in Axes
  5254 | D:5      | Killed Maggie
  5450 | D:6      | Found a shimmering blue altar of Sif Muna.
  5539 | D:6      | Identified the +2 robe of Kerchu {rCorr Str-2 Dex-2
                  | Archmagi}
  5820 | D:7      | Found an ornate altar of the Wu Jian Council.
  5852 | D:7      | Reached skill level 12 in Axes
  6062 | D:7      | Found a staircase to the Ecumenical Temple.
  6096 | Temple   | Entered the Ecumenical Temple
  6106 | Temple   | Became a worshipper of Warmaster Okawaru
  6106 | Temple   | Reached * piety under Okawaru
  6106 | Temple   | Reached ** piety under Okawaru
  6293 | D:8      | Reached skill level 1 in Invocations
  6304 | D:8      | Noticed Maurice
  6453 | D:8      | Maurice stole 15 boomerangs
  6454 | D:8      | Killed Maurice
  6455 | D:8      | Reached XP level 10. HP: 85/91 MP: 10/10
  6589 | D:8      | Found a broken altar of Ashenzari.
  6928 | D:8      | Found a shadowy altar of Dithmenos.
  6928 | D:8      | Found a white marble altar of Elyvilon.
  7321 | D:9      | Reached *** piety under Okawaru
  7366 | D:9      | Found a transporter.
  7383 | D:9      | Noticed a moth of wrath
  7392 | D:9      | Found a transporter.
  7521 | D:9      | Noticed a two-headed ogre
  7536 | D:9      | Killed a two-headed ogre
  7537 | D:9      | Reached skill level 13 in Axes
  7581 | D:9      | Paralysed by a hornet for 3 turns
  7593 | D:9      | Reached skill level 10 in Fighting
  7597 | D:9      | Reached skill level 1 in Throwing
  7790 | D:9      | Noticed Harold
  7916 | D:9      | Reached **** piety under Okawaru
  8163 | D:8      | Killed Harold
  8343 | D:9      | Found a stormy altar of Qazlal.
  8390 | D:9      | Found an opulent altar of Gozag.
  8769 | D:10     | Entered Level 10 of the Dungeon
  8780 | D:10     | Found Xifene's General Store.
  8787 | D:10     | Bought a scroll of identify for 26 gold pieces
  8787 | D:10     | Bought a scroll of teleportation for 39 gold pieces
  8789 | D:10     | Noticed a two-headed ogre
  8808 | D:10     | Killed a two-headed ogre
  8901 | D:10     | Reached skill level 14 in Axes
  8911 | D:10     | Reached XP level 11. HP: 76/101 MP: 13/13
  8988 | D:10     | Reached ***** piety under Okawaru
  9326 | D:10     | Found a bloodstained altar of Trog.
  9578 | D:11     | Noticed a two-headed ogre
  9581 | D:11     | Noticed Grum
  9587 | D:10     | Killed Grum
  9622 | D:10     | Received a gift from Okawaru
  9673 | D:11     | Noticed a two-headed ogre
  9681 | D:11     | Killed a two-headed ogre
  9686 | D:11     | Killed a two-headed ogre
  9895 | D:11     | Reached skill level 5 in Invocations
  9933 | D:11     | Found a staircase to the Lair.
  9992 | D:11     | Reached skill level 15 in Axes
 10027 | D:11     | Reached skill level 10 in Armour
 10063 | D:11     | Reached skill level 5 in Throwing
 10225 | D:11     | Reached ****** piety under Okawaru
 10378 | D:11     | Received a gift from Okawaru
 10379 | D:11     | Acquired the +2 battleaxe of Vabyveam {vamp, Str+4 Int+3}
 10379 | D:11     | Received a gift from Okawaru
 10388 | D:11     | Acquired the +2 pair of gloves "Oxehea" {rElec rPois
                  | Regen+}
 10388 | D:11     | Received a gift from Okawaru
 10467 | D:11     | Reached XP level 12. HP: 64/111 MP: 14/14
 10639 | D:11     | Found a transporter.
 10768 | D:11     | Found a staircase to the Orcish Mines.
 10980 | D:12     | Identified the of Akuym
 11001 | D:12     | Reached skill level 16 in Axes
 11301 | D:12     | Received a gift from Okawaru
 11304 | D:12     | Noticed a boulder beetle
 11321 | D:12     | Killed a boulder beetle
 11564 | D:13     | Noticed a centaur warrior
 11564 | D:13     | Noticed a seven-headed hydra
 11649 | D:13     | Killed a centaur warrior
 11760 | Lair:1   | Entered Level 1 of the Lair of Beasts
 11788 | Lair:1   | Noticed Sonja
 11798 | Lair:1   | Noticed Urug
 11813 | Lair:1   | Reached skill level 17 in Axes
 11841 | D:11     | Received a gift from Okawaru
 11869 | D:11     | Killed Urug
 11892 | Lair:1   | Noticed a six-headed hydra
 11913 | D:11     | Killed an 11-headed hydra
 11962 | Lair:1   | Killed Sonja
 12085 | Lair:1   | Reached XP level 13. HP: 88/109 MP: 15/15
 12852 | Lair:2   | Received a gift from Okawaru
 13441 | Lair:2   | Found a staircase to the Shoals.
 13448 | Lair:2   | Reached skill level 18 in Axes
 13508 | Lair:2   | Identified the +1 scale mail "Xiawk" {rPois}
 13597 | Lair:2   | Found a staircase to the Snake Pit.
 13604 | Lair:2   | Received a gift from Okawaru
 14368 | Lair:3   | Received a gift from Okawaru
 14776 | Lair:3   | Noticed Rupert
 14785 | Lair:3   | Paralysed by Rupert for 3 turns
 14805 | Lair:3   | HP: 3/124 [Rupert/+0 battleaxe of freezing (9)]
 14810 | Lair:3   | Killed Rupert
 15165 | Lair:4   | Reached skill level 19 in Axes
 15165 | Lair:4   | Reached XP level 14. HP: 132/132 MP: 16/16
 15177 | Lair:4   | Received a gift from Okawaru
 15246 | Lair:4   | Noticed Kirke
 15254 | Lair:4   | Killed Kirke
 15353 | Lair:4   | Received a gift from Okawaru
 15414 | Lair:4   | Found a staircase to the Slime Pits.
 15416 | Lair:4   | Found a viscous altar of Jiyva.
 16238 | Lair:5   | Entered Level 5 of the Lair of Beasts
 16282 | Lair:5   | Received a gift from Okawaru
 16475 | Lair:5   | Reached skill level 20 in Axes
 16948 | Lair:5   | Reached skill level 15 in Fighting
 17017 | Lair:5   | Received a gift from Okawaru
 17356 | Lair:5   | Identified the ring "Tyzokhlasykk" {Contam +Blink rCorr
                  | Int+6 Dex+4}
 17445 | Lair:5   | Reached skill level 10 in Throwing
 17576 | Lair:5   | Identified the +2 leather armour "Zecrojut" {rElec rF- rN++
                  | Int+2}
 17611 | Lair:5   | Reached XP level 15. HP: 134/141 MP: 14/17
 17978 | Orc:1    | Entered Level 1 of the Orcish Mines
 18047 | Orc:1    | Received a gift from Okawaru
 18312 | Orc:2    | Entered Level 2 of the Orcish Mines
 18328 | Orc:2    | Found a staircase to the Elven Halls.
 18409 | Orc:2    | Found a gate leading to a gauntlet.
 18418 | Gauntlet | Entered a Gauntlet
 18418 | Gauntlet | Found a transporter.
 18511 | Gauntlet | Found a transporter.
 18523 | Gauntlet | Found a transporter.
 18527 | Gauntlet | Found a transporter.
 18535 | Gauntlet | Found a transporter.
 18539 | Gauntlet | Found a transporter.
 18547 | Gauntlet | Found a transporter.
 18563 | Gauntlet | Found a transporter.
 18564 | Gauntlet | Found the amulet of the Air {Inacc Air Fly rElec RMsl}
 18577 | Gauntlet | Found a transporter.
 18581 | Gauntlet | Found a transporter.
 18589 | Gauntlet | Found a transporter.
 18593 | Gauntlet | Found a transporter.
 18616 | Gauntlet | Found a runed translucent door.
 19007 | Gauntlet | Identified the +3 shortbow "Nuamupp" {heavy, Fly}
 19007 | Gauntlet | Identified the ring "Rizothir" {rF++ EV+5 Str-4 Dex+3}
 19020 | Gauntlet | Identified the +0 kite shield of the Other Side {rC- rCorr
                  | Int+6 Stlth-}
 19148 | Orc:2    | Noticed Blork the orc
 19164 | Orc:2    | Killed Blork the orc
 19172 | Orc:2    | Reached skill level 21 in Axes
 19228 | Orc:2    | Noticed Nergalle
 19239 | Orc:2    | Killed Nergalle
 19497 | Orc:2    | Found Tynur's General Store.
 19512 | Orc:2    | Found Cirravybb's Antique Weapon Shoppe.
 19608 | Orc:2    | Received a gift from Okawaru
 19816 | Orc:2    | Found Okuucsi's Jewellery Shoppe.
 19832 | Orc:2    | Found Quppe's Antique Armour Shoppe.
 20192 | D:13     | Found a gate to the Vaults.
 21209 | D:14     | Reached skill level 15 in Armour
 21727 | D:14     | You fall into a shaft and drop 1 floor!
 21727 | D:15     | Entered Level 15 of the Dungeon
 22195 | D:15     | Found a staircase to the Depths.
 22201 | D:15     | Received a gift from Okawaru
 23073 | Snake:1  | Entered Level 1 of the Snake Pit
 23148 | Shoals:1 | Entered Level 1 of the Shoals
 23268 | Shoals:1 | Found Gonanlym's Weapon Emporium.
 23379 | Shoals:1 | Reached skill level 22 in Axes
 23390 | Shoals:1 | Reached XP level 16. HP: 152/152 MP: 18/18
 23729 | Shoals:1 | Received a gift from Okawaru
 23860 | Shoals:1 | Identified a scroll of acquirement
 23861 | Shoals:1 | Acquired the +3 executioner's axe of Mastery {venom, Drain
                  | rElec rPois Will+}
 24225 | Shoals:2 | Noticed Ilsuiw
 24285 | Shoals:2 | Killed Ilsuiw
 24833 | Shoals:3 | Received a gift from Okawaru
 24852 | Shoals:3 | Slain by a cyclops

Illustrated notes

Levels and vault maps discovered:
D:1:      dpeg_arrival_ternary, layout_loops_ring, minmay_misc_feat_rugged,
          chequers_arboretum, kennysheep_crisscross
D:2:      minmay_spotlight, layout_loops_ring, basic_altar, serial_shops,
          nicolae_shop_rolling_square, uniq_crazy_yiuf_cottage
D:3:      layout_loops_corners, nicolae_tso_swordbearing_angel,
          lemuel_round_altar, serial_shops, nicolae_shop_crystal,
          chequers_serial_rivers_marsh, chequers_garden, serial_bayou_crossing
D:4:      layout_loops_ring
D:5:      layout_loops_ring, mainiacjoe_overflow_brackets,
          mainiacjoe_overflow_paths, jmf_multi_god_temple, uniq_grinder,
          uniq_pikel, uniq_prince_ribbit1
D:6:      layout_rooms, mainiacjoe_overflow_concentric_impassable,
          makhleb_heckhound_becter, moated_statue, grunt_decor_fettered,
          hangedman_decor_peaks_small, chequers_serial_rivers_large_a,
          nicolae_good_shop, uniq_maggie, uniq_edmund
D:7:      layout_cave_pools, nzn_wu_jian_contemplation, temple_pool_b
D:8:      layout_loops_ring, kennysheep_mini, gammafunk_temple_overflow_wave,
          chequers_big_river, wad_floor_pattern_2, uniq_maurice
D:9:      layout_cave_pods, general_overflow_altar,
          mainiacjoe_overflow_alcove_2, gammafunk_ghost_berserking_beasts,
          uniq_harold
D:10:     layout_basic, mainiacjoe_overflow_small_starburst, serial_shops, shop
D:11:     cheibrodos_grave_circle, layout_loops_ring,
          grunt_lair_entry_orc_guard_hut, nicolae_diode_stairs, uniq_grum
D:12:     layout_roguey, special_room [special_room_orc],
          minmay_misc_feat_encased
D:13:     layout_long_grid, skrybe_vaults_entry_preservation
D:14:     layout_layer_cave, nrook_pool_corridor,
          nicolae_concentric_dashed_squares_wild
D:15:     grunt_enter_depths_snipers, layout_loops_ring
Temple:   nicolae_temple_great_sept
Lair:1:   layout_small_grid, bh_autumn_forest_stairs, grunt_megastairs_3,
          uniq_urug, uniq_sonja
Lair:2:   layout_loops_ring, shoals_dummy_entry,
          nicolae_snake_entry_warm_welcome, grunt_megastairs_5,
          infiniplex_staircase_pool_2
Lair:3:   layout_loops_ring, eino_house_with_fridge, serial_bayou_shore_b,
          uniq_rupert
Lair:4:   layout_layer_cave, slime_entry_1, infiniplex_staircase_pool,
          uniq_kirke
Lair:5:   due_jungle_book, layout_gridlike, grunt_megastairs_2,
          serial_bayou_shore_a, lemuel_fruit_tree
Shoals:1: layout_shoals, serial_shops, nicolae_shop_competitors_out_of_business
Shoals:2: layout_shoals, uniq_ilsuiw
Shoals:3: layout_shoals, ebering_ghost_disaster_area
Snake:1:  layout_basic, drop_trap, grunt_ministairs_8, nicolae_triple_integral
Orc:1:    layout_caves
Orc:2:    grunt_orc_cross, layout_caves, gauntlet_entry_generic

Skill      XL: |  1  2  3  4  5  6  7  8  9 10 11 12 13 14 15 |
---------------+----------------------------------------------+-----
Axes           | 4 5 6 8 9 10 12 14 15 17 19 20 22 | 22.6
Fighting       | 4 5 6 7 8 9 10 11 12 14 15 16 | 16.8
Armour         | 1 3 4 6 7 9 10 11 13 14 15 | 15.9
Invocations    | 1 4 5 |  5.0
Throwing       | 2 5 7 8 10 11 | 11.8
Dodging        | |  3.4

Action                     |  1- 3 |  4- 6 |  7- 9 | 10-12 | 13-15 | 16-18 || total
---------------------------+-------+-------+-------+-------+-------+-------++-------
  Melee: Hand axe          |    85 |       |       |       |       |       ||    85
         Headbutt          |    14 |     6 |    36 |   130 |   252 |    48 ||   486
         Mace              |       |    66 |   133 |    52 |       |       ||   251
         Broad axe         |       |       |       |   178 |       |       ||   178
         Battleaxe         |       |       |       |   238 |  1050 |   182 ||  1470
         Eveningstar       |       |       |       |       |    38 |       ||    38
  Throw: Boomerang         |       |       |       |     9 |     6 |       ||    15
         Javelin           |       |       |       |       |       |     7 ||     7
 Invoke: Heroism           |       |       |       |     2 |     3 |       ||     5
         Receive Weapon    |       |       |       |     1 |       |       ||     1
         Receive Armour    |       |       |       |     1 |       |       ||     1
  Evoke: Wand              |       |       |       |     4 |     2 |       ||     6
    Use: Scroll            |       |       |    12 |     5 |    11 |     4 ||    32
         Potion            |       |       |       |     2 |     2 |       ||     4
   Stab: Sleeping          |       |     1 |       |       |       |       ||     1
 Armour: Robe              |    38 |    19 |       |       |       |       ||    57
         Plate armour      |       |    35 |   183 |   627 |   593 |       ||  1438
         Quicksilver drago |       |       |       |       |   395 |   149 ||   544
  Dodge: Dodged            |    56 |    34 |    68 |   248 |   553 |   165 ||  1124
         Repelled          |       |       |       |       |       |     5 ||     5

Table legend: (Time is in decaauts)
 A = Elapsed time spent in this place.
 B = Non-inter-level travel time spent in this place.
 C = Inter-level travel time spent in this place.
 D = Time resting spent in this place.
 E = Time spent auto-exploring this place.
 F = Levels seen in this place.
 G = Mean time per level.
                   A        B        C        D        E       F      G
               +--------+--------+--------+--------+--------+-----+--------+
         Total |  24706 |  23368 |   1338 |   1301 |  18041 |  28 |  882.4 |
       Dungeon |  14940 |  14202 |    738 |    852 |  11293 |  15 |  996.0 |
        Temple |     19 |     10 |      9 |      0 |      0 |   1 |   19.0 |
          Lair |   6065 |   5631 |    434 |    222 |   4293 |   5 | 1213.0 |
        Shoals |   1631 |   1568 |     63 |      0 |   1265 |   3 |  543.7 |
     Snake Pit |     11 |     11 |      0 |      0 |      0 |   1 |   11.0 |
  Orcish Mines |   1376 |   1284 |     92 |     38 |    913 |   2 |  688.0 |
      Gauntlet |    660 |    660 |      0 |    189 |    276 |   1 |  660.0 |
               +--------+--------+--------+--------+--------+-----+--------+

Top non-repeatable levels by time:
  Lair:5: 1581 daAuts
     D:8: 1408 daAuts
    D:11: 1392 daAuts
  Lair:3: 1385 daAuts
     D:3: 1356 daAuts
     D:5: 1276 daAuts
    D:14: 1156 daAuts
     D:9: 1126 daAuts
    D:10: 1068 daAuts
  Lair:4: 1066 daAuts
  Lair:2: 1037 daAuts
   Orc:2: 1029 daAuts
  Lair:1: 994 daAuts
    D:15: 968 daAuts
     D:6: 903 daAuts
